 Dungeon Crawl Stone Soup version 0.28-a0-1241-gf280a0fbb2 (webtiles) character file.

Game seed: 129774333029274536

90 ChaosChampion the Skirmisher (level 4, -1/41 HPs)
             Began as a Hill Orc Fighter on Dec 26, 2021.
             Slain by Sigmund (4 damage)
             ... on level 2 of the Dungeon.
             The game lasted 00:01:50 (2343 turns).

ChaosChampion the Skirmisher (Hill Orc Fighter)     Turns: 2343, Time: 00:01:51

Health: -1/41      AC:  9    Str: 20    XL:     4   Next: 56%
Magic:  4/4        EV:  9    Int:  8    God:
Gold:   68         SH:  0    Dex: 10    Spells: 3/3 levels left

rFire   . . .      SeeInvis .   a - +0 war axe
rCold   . . .      Faith    .   c - +0 buckler
rNeg    . . .      Spirit   .   b - +0 scale mail
rPois   .          Reflect  .   k - +1 helmet
rElec   .          Harm     .   (no cloak)
rCorr   .          Rampage  .   (no gloves)
Will    .....                   (no boots)
Stlth   ..........              (no amulet)
HPRegen 0.13/turn               (no ring)
MPRegen 0.09/turn               (no ring)

@: confused
A: no striking features
a: no special abilities


You were on level 2 of the Dungeon.
You visited 1 branch of the dungeon, and saw 2 of its levels.

You collected 68 gold pieces.

Inventory:

Hand Weapons
 a - a +0 war axe (weapon)
Armour
 b - a +0 scale mail (worn)
 c - a +0 buckler (worn)
 k - a +1 helmet (worn)
Scrolls
 e - a scroll of identify {unknown}
 f - a scroll of blinking {unknown}
 j - a scroll of noise {unknown}
Potions
 d - a potion of might
 g - a potion of ambrosia {unknown}
 h - a potion of haste {unknown}
 i - a potion of heal wounds {unknown}


   Skills:
 + Level 4.4 Fighting
 + Level 3.8 Axes
 + Level 4.0 Armour
 + Level 4.0 Shields


You had 3 spell levels left.
You didn't know any spells.
Your spell library contained the following spells:

 Spells                   Type           Power      Damage    Failure   Level
 Animate Skeleton         Necr           0%         N/A       77%         1
 Apportation              Tloc           0%         N/A       77%         1
 Summon Small Mammal      Summ           0%         N/A       77%         1
 Passwall                 Tmut/Erth      0%         N/A       88%         2
 Swiftness                Air            0%         N/A       98%         3


Dungeon Overview and Level Annotations

Branches:
Dungeon (2/15)

Altars:
Uskayaw

Annotations:
D:2 Sigmund


Message History

No target in view!
No target in view!
No target in view!
Sigmund is nearby!
Sigmund is nearby!
Sigmund is nearby!
Sigmund closely misses you. Sigmund closely misses you.
You hit Sigmund.
Sigmund is lightly wounded.
Sigmund closely misses you.
Your scale mail prevents you from hitting Sigmund.
Sigmund is lightly wounded.
You block Sigmund's attack.
You slash Sigmund!
Sigmund is heavily wounded.
Sigmund points at you and mumbles some strange words.
The magic dart hits you but does no damage.
You completely miss Sigmund.
Sigmund is heavily wounded.
Sigmund smiles chillingly.
Sigmund hits you with a +4 scythe of freezing!
Sigmund freezes you.
You hit Sigmund.
Sigmund is heavily wounded.
Sigmund hits you with a +4 scythe of freezing.
Sigmund freezes you.
You barely miss Sigmund.
Sigmund is heavily wounded.
Sigmund barely misses you.
You slash Sigmund!
Sigmund is severely wounded.
Sigmund casts a spell at you.
You are confused.
You hit Sigmund.
Sigmund is almost dead.
Sigmund hits you with a +4 scythe of freezing!
* * * LOW HITPOINT WARNING * * *
Sigmund freezes you.
You die...

.......##.#....).........
.#.....##.#.#####)#####.#
.#####.##.#.# #.#
..........#.#####)#####.#
.##########......)..?...#
..> #####)#)..##### .#.
#.##..# #. #######.##รท)#
........@...#
#####.#.#@..#
#.#.#......# # #.##......
..###.##.# ..# .# # ....
. .#.# .. #


You could see Sigmund.

Vanquished Creatures
  Robin (D:2)
  2 adders
  3 dart slugs (D:1)
  6 bats
  2 endoplasms
  2 giant cockroaches (D:1)
  9 goblins
  9 hobgoblins
  3 jackals (D:1)
  2 quokkas (D:2)
  A ball python (D:1)
  4 frilled lizards
  4 kobolds
  2 rats
50 creatures vanquished.

Notes
Turn   | Place    | Note
-------+----------+-------------------------------------------
     0 | D:1      | ChaosChampion the Hill Orc Fighter began the quest for the
                  | Orb.
     0 | D:1      | Reached XP level 1. HP: 19/19 MP: 1/1
    73 | D:1      | Reached XP level 2. HP: 18/27 MP: 2/2
   473 | D:1      | Reached XP level 3. HP: 33/33 MP: 3/3
  1618 | D:2      | Noticed Sigmund
  1641 | D:1      | Reached XP level 4. HP: 9/40 MP: 4/4
  2049 | D:2      | Found a hide-covered altar of Uskayaw.
  2104 | D:2      | Noticed Robin
  2119 | D:2      | Killed Robin
  2343 | D:2      | Slain by Sigmund

Illustrated notes

Levels and vault maps discovered:
D:1:      minmay_arrival_jagged, layout_basic, minmay_unequal
D:2:      layout_loops_ring, basic_altar, kennysheep_minor_cross, uniq_robin,
          uniq_sigmund, uniq_crazy_yiuf_cottage

Skill      XL: |  1  2  3  4 |
---------------+-------------+-----
Axes           | 3 |  3.8
Fighting       | 4 |  4.4
Armour         | 4 |  4.0
Shields        | 4 |  4.0

Action                   |  1- 3 |  4- 6 || total
-------------------------+-------+-------++-------
Melee: War axe           |   113 |    30 ||   143
Armor: Scale mail        |    66 |    11 ||    77
Dodge: Dodged            |    51 |    15 ||    66
Block: Buckler           |    26 |     9 ||    35

Table legend: (Time is in decaauts)
 A = Elapsed time spent in this place.
 B = Non-inter-level travel time spent in this place.
 C = Inter-level travel time spent in this place.
 D = Time resting spent in this place.
 E = Time spent auto-exploring this place.
 F = Levels seen in this place.
 G = Mean time per level.
                   A        B        C        D        E       F      G
               +--------+--------+--------+--------+--------+-----+--------+
         Total |   2391 |   2390 |      1 |    466 |   1520 |   2 | 1195.5 |
       Dungeon |   2391 |   2390 |      1 |    466 |   1520 |   2 | 1195.5 |
               +--------+--------+--------+--------+--------+-----+--------+

Top non-repeatable levels by time:
     D:1: 1672 daAuts
     D:2: 719 daAuts
